[Event "*** SCC Grand Prix: Titled Tuesday Blitz"]
[Site "Chess.com"]
[Date "2020.09.08"]
[Round "3"]
[White "ChadaevNikolay"]
[Black "RamyresCoelho"]
[Result "1-0"]
[WhiteElo "2811"]
[BlackElo "1778"]
[TimeControl "180+1"]
[EndTime "10:26:10 PDT"]
[Termination "ChadaevNikolay won by resignation"]

1. e4 c5 2. Ne2 Nc6 3. g3 d6 4.
Bg2 Nf6 5. O-O g6 6. c3 Bg7 7.
d4 cxd4 8. cxd4 O-O 9. Nbc3 a6 10.
h3 e5 11. Be3 Nh5 12. Qd2 Bd7 13. Rfd1 Qc8 14. Kh2 exd4 15. Nxd4 Nxd4 16. Bxd4 Bxd4 17.
Qxd4 Be6 18. Qxd6 Rd8 19. Qb6 Rxd1 20. Rxd1 Qc6 21. Qxc6 bxc6 22. e5 Rc8 23. Rd6 Bd5 24.
Nxd5 cxd5 25. Bxd5 Rc7 26. Rxa6 Kg7 27. Kg2 Re7 28. f4 Rc7 29. Rc6 Ra7 30. Kf3 Ra5 31. Rd6 Rb5 32. g4 Nxf4 33. Kxf4 Rxb2 34. Rd7 Rf2+ 35. Ke3 Rf1 36. Rxf7+ Rxf7 37. Bxf7 Kxf7 38. a4 Ke6 39. a5 Kxe5 40. a6 h5 41. a7 hxg4 42.
hxg4 g5 43. a8=Q 1-0

[Event "*** SCC Grand Prix: Titled Tuesday Blitz"]
[Site "Chess.com"]
[Date "2020.09.08"]
[Round "3"]
[White "KubaGepard"]
[Black "thedjoker98"]
[Result "0-1"]
[WhiteElo "2391"]
[BlackElo "2607"]
[TimeControl "180+1"]
[EndTime "10:26:18 PDT"]
[Termination "thedjoker98 won by resignation"]

1. d4 d5 2. c4 c6 3. Nf3 Nf6 4. Qc2 g6 5. e3 Bg7 6. Bd3 O-O 7. O-O c5 8. dxc5 Na6 9. cxd5 Nb4 10. Qb3 Qxd5 11.
Bc4 Qxc5 12. Bd2 Nc6 13. Rc1 Qd6 14. Na3 a6 15. Bc3 Bg4 16. Qb6 Bxf3 17. gxf3 Nd7 18. Qb3 Nce5 19. Bxe5 Nxe5 20. f4 Nf3+ 21. Kg2 Nd2 22. Qc2 Rac8 23. Rd1 Qc6+ 24. e4 Nxc4 0-1

[Event "*** SCC Grand Prix: Titled Tuesday Blitz"]
[Site "Chess.com"]
[Date "2020.09.08"]
[Round "3"]
[White "PoppingCheckmates"]
[Black "glebus008"]
[Result "1-0"]
[WhiteElo "2390"]
[BlackElo "2166"]
[TimeControl "180+1"]
[EndTime "10:26:18 PDT"]
[Termination "PoppingCheckmates won by resignation"]

1. Nf3 d5 2. b3 Nf6 3. Bb2 e6 4. d4 Be7 5. Nbd2 O-O 6. c4 c5 7.
e3 Nc6 8. cxd5 exd5 9. Be2 Bg4 10. O-O Re8 11. a3 cxd4 12. Nxd4 Bxe2 13. Nxe2 Bd6 14.
Nf3 Ne4 15. g3 Bc5 16. Nf4 Nxf2 17. Kxf2 Bxe3+ 18. Kg2 d4 19. Ne2 d3 20. Nc1 Bxc1 21. Bxc1 Re2+ 22. Rf2 Qf6 23. Ra2 Rxa2 24. Rxa2 Rd8 25.
Bg5 1-0

[Event "*** SCC Grand Prix: Titled Tuesday Blitz"]
[Site "Chess.com"]
[Date "2020.09.08"]
[Round "3"]
[White "QuintilianoR"]
[Black "VerdeNotte"]
[Result "0-1"]
[WhiteElo "2617"]
[BlackElo "2859"]
[TimeControl "180+1"]
[EndTime "10:26:22 PDT"]
[Termination "VerdeNotte won by resignation"]

1. Nf3 Nf6 2. c4 g6 3. Nc3 Bg7 4. d4 O-O 5. e4 d6 6. Be2 e5 7.
O-O Nbd7 8. Be3 Qe7 9. Qc2 c6 10. Rad1 h6 11. d5 c5 12. g3 Nh7 13. Nh4 Ndf6 14.
Qd2 Ng4 15. Bxg4 Bxg4 16. f3 Bh3 17. Rf2 Ng5 18. Re1 Bd7 19. Kh1 Kh7 20. Rff1 Rae8 21. Qd3 Bh3 22. Rf2 Bd7 23. Rff1 Qd8 24. Qd2 a6 25. a3 Qa5 26. b4 cxb4 27. axb4 Qxb4 28. Rb1 Qxc4 29. Rxb7 Qxf1+ 0-1

[Event "*** SCC Grand Prix: Titled Tuesday Blitz"]
[Site "Chess.com"]
[Date "2020.09.08"]
[Round "3"]
[White "Keures"]
[Black "aljado"]
[Result "1-0"]
[WhiteElo "2343"]
[BlackElo "2106"]
[TimeControl "180+1"]
[EndTime "10:26:22 PDT"]
[Termination "Keures won by resignation"]

1. d4 Nf6 2. c4 g6 3. Nc3 d5 4. cxd5 Nxd5 5. e4 Nxc3 6. bxc3 Bg7 7. Rb1 O-O 8. Be3 c5 9. Qd2 Nc6 10. Nf3 Qa5 11. Rb5 Qa3 12. Rxc5 Bg4 13. Be2 e5 14. d5 Na5 15. O-O b6 16. Rc7 Rac8 17. Rxa7 Qxc3 18. Qxc3 Rxc3 19. Bxb6 Nc4 20. Rc7 Bxf3 21. gxf3 Nxb6 22. Rxc3 f5 23. Rb1 Nd7 24. Rb7 Nf6 25. Rcc7 Bh6 26. exf5 gxf5 27. d6 Nd5 28. Bc4 1-0

[Event "*** SCC Grand Prix: Titled Tuesday Blitz"]
[Site "Chess.com"]
[Date "2020.09.08"]
[Round "3"]
[White "PowerThinking2650"]
[Black "GoltsevDmitry2000"]
[Result "1-0"]
[WhiteElo "2393"]
[BlackElo "2561"]
[TimeControl "180+1"]
[EndTime "10:26:24 PDT"]
[Termination "PowerThinking2650 won by resignation"]

1. e4 g6 2. d4 Bg7 3. c4 e6 4. Nc3 Ne7 5. Nf3 b6 6. h4 h5 7. Bg5 Bb7 8. Qd2 d6 9. O-O-O Nd7 10. Bd3 f6 11. Be3 e5 12. Nd5 Nxd5 13. exd5 Nf8 14. Qc2 f5 15. dxe5 dxe5 16. Ng5 e4 17. Be2 Qd6 18. c5 bxc5 19. Bxc5 Qf4+ 20. Kb1 O-O-O 21. Nf7 Rxd5 22. Nxh8 Bxh8 23. Rxd5 Bxd5 24. Bxf8 Qxf2 25. Ba6+ 1-0

[Event "*** SCC Grand Prix: Titled Tuesday Blitz"]
[Site "Chess.com"]
[Date "2020.09.08"]
[Round "3"]
[White "IvanSoriano1"]
[Black "Panterov"]
[Result "1-0"]
[WhiteElo "2460"]
[BlackElo "2241"]
[TimeControl "180+1"]
[EndTime "10:26:29 PDT"]
[Termination "IvanSoriano1 won by resignation"]

1. Nf3 Nf6 2. c4 g6 3. g3 Bg7 4. Bg2 c5 5. O-O Nc6 6. Nc3 b6 7. d4 cxd4 8. Nxd4 Bb7 9. Bg5 O-O 10. Rc1 h6 11. Be3 Rc8 12. b3 d6 13. Nxc6 Bxc6 14.
Bxc6 Rxc6 15. Bd4 Qd7 16. Qd2 Re8 17. Bxf6 Bxf6 18. Qxh6 Bxc3 19. Rxc3 Qe6 20. h4 Qxe2 21.
Re3 Qg4 22. Rfe1 e6 23. Re4 Qh5 24. Qd2 Rd8 25. Qf4 d5 26. cxd5 Qxd5 27. Re5 Qd2 28.
Qf6 Rcd6 29. h5 Rd5 30. hxg6 1-0

[Event "*** SCC Grand Prix: Titled Tuesday Blitz"]
[Site "Chess.com"]
[Date "2020.09.08"]
[Round "3"]
[White "Rud_Makarian"]
[Black "chigorin28"]
[Result "1-0"]
[WhiteElo "2760"]
[BlackElo "2432"]
[TimeControl "180+1"]
[EndTime "10:26:38 PDT"]
[Termination "Rud_Makarian won by resignation"]

1. d4 Nf6 2. Bg5 d5 3. Nf3 Bf5 4. e3 e6 5. c4 c6 6. Nc3 Be7 7. Qb3 Qb6 8. c5 Qxb3 9. axb3 Nbd7 10. b4 O-O 11. b5 Rfc8 12. b4 h6 13. Bf4 g5 14.
Bg3 Ne4 15. Nxe4 Bxe4 16. bxc6 bxc6 17. Ba6 Rcb8 18. Bxb8 Rxb8 19. b5 cxb5 20. c6 Bb4+ 21. Ke2 Nb6 22. c7 Re8 23. Rhc1 Nc8 24. Bxb5 Re7 25. Ba6 Bd6 26. Bxc8 Bxc7 27. Rxa7 g4 28. Rcxc7 1-0

[Event "*** SCC Grand Prix: Titled Tuesday Blitz"]
[Site "Chess.com"]
[Date "2020.09.08"]
[Round "3"]
[White "Gabix_94"]
[Black "albi1999"]
[Result "1/2-1/2"]
[WhiteElo "2834"]
[BlackElo "2618"]
[TimeControl "180+1"]
[EndTime "10:26:40 PDT"]
[Termination "Game drawn by agreement"]

1. Nf3 d5 2. c4 d4 3. g3 Nc6 4. Bg2 e5 5. O-O Nf6 6. d3 a5 7. Bg5 h6 8. Bxf6 Qxf6 9. Na3 Bc5 10. Nb5 Qe7 11. Nd2 f5 12. a3 O-O 13. b4 axb4 14.
axb4 Rxa1 15. Qxa1 Bxb4 16. Nb3 Be6 17. f4 exf4 18.
N3xd4 Nxd4 19. Nxd4 Bc5 20. gxf4 Rd8 21. e3 Qf6 22. Nxe6 Bxe3+ 23. Kh1 Qxe6 24. Qb1 Bb6 25. Bxb7 Qe3 26. Bd5+ Kh8 27. Qd1 Re8 28. Bg2 Rd8 29.
Bd5 Re8 1/2-1/2

[Event "*** SCC Grand Prix: Titled Tuesday Blitz"]
[Site "Chess.com"]
[Date "2020.09.08"]
[Round "3"]
[White "BAS8892"]
[Black "Funo09"]
[Result "0-1"]
[WhiteElo "2610"]
[BlackElo "2846"]
[TimeControl "180+1"]
[EndTime "10:26:43 PDT"]
[Termination "Funo09 won by resignation"]

1. d4 Nf6 2. c4 Nc6 3. Nf3 d6 4. d5 Ne5 5. Nxe5 dxe5 6. g3 e6 7. Bg2 Bc5 8. O-O exd5 9. cxd5 O-O 10. e4 c6 11. Nc3 h6 12. Qe2 Bg4 13. Qc4 Bd4 14.
h3 cxd5 15. exd5 Bd7 16. Qb3 b5 17. a4 bxa4 18. Nxa4 Rb8 19. Qd1 Bb5 20. Re1 Nxd5 21.
Ra3 Nb4 22. Nc3 Nd3 23. Nxb5 Nxe1 24. Bf1 Bxf2+ 25. Kxf2 Qxd1 0-1

[Event "*** SCC Grand Prix: Titled Tuesday Blitz"]
[Site "Chess.com"]
[Date "2020.09.08"]
[Round "3"]
[White "Volodar_Murzin"]
[Black "CakeinSpace2002"]
[Result "1-0"]
[WhiteElo "2626"]
[BlackElo "2252"]
[TimeControl "180+1"]
[EndTime "10:26:44 PDT"]
[Termination "Volodar_Murzin won by resignation"]

1. e4 c6 2. d4 d5 3. Nc3 dxe4 4. Nxe4 Nf6 5. Nxf6+ exf6 6. Bc4 Na6 7. Nf3 Bd6 8. Qe2+ Qe7 9. Qxe7+ Bxe7 10. c3 Nc7 11. Bf4 Be6 12. Bxe6 Nxe6 13. Be3 O-O-O 14. O-O-O Kb8 15.
Ne1 h5 16. Nd3 Bd6 17. Kc2 f5 18. Bc1 f4 19. Rde1 g5 20. Re4 Nc7 21. h4 f6 22.
c4 Rhe8 23. Rxe8 Rxe8 24. hxg5 fxg5 25. Rxh5 g4 26. Bxf4 Bxf4 27. Nxf4 Re2+ 28. Nxe2 1-0

[Event "*** SCC Grand Prix: Titled Tuesday Blitz"]
[Site "Chess.com"]
[Date "2020.09.08"]
[Round "3"]
[White "crossingthestreet"]
[Black "BikingBrian"]
[Result "1-0"]
[WhiteElo "2427"]
[BlackElo "2207"]
[TimeControl "180+1"]
[EndTime "10:26:47 PDT"]
[Termination "crossingthestreet won by resignation"]

1. c4 g6 2. d4 Nf6 3. Nc3 Bg7 4.
e4 d6 5. Be2 O-O 6. Be3 Na6 7.
g4 e5 8. d5 Nc5 9. f3 a5 10. h4 c6 11. h5 cxd5 12. cxd5 Ne8 13. Nh3 f5 14. hxg6 fxg4 15. gxh7+ Kh8 16. fxg4 Qh4+ 17.
Bf2 Rxf2 18. Nxf2 Qg3 19. Rh3 Qg1+ 20. Bf1 b6 21. Ne2 1-0

[Event "*** SCC Grand Prix: Titled Tuesday Blitz"]
[Site "Chess.com"]
[Date "2020.09.08"]
[Round "3"]
[White "gagtemp"]
[Black "Mambastik-Fantastic"]
[Result "0-1"]
[WhiteElo "1966"]
[BlackElo "2302"]
[TimeControl "180+1"]
[EndTime "10:26:49 PDT"]
[Termination "Mambastik-Fantastic won by resignation"]

1. e4 c5 2. Nf3 d6 3. d4 cxd4 4. Nxd4 Nf6 5. Nc3 a6 6. Be3 e5 7. Nb3 Be6 8. f3 Be7 9. Qd2 O-O 10. Nd5 Nxd5 11. exd5 Bf5 12. Na5 Qc7 13. c4 Nd7 14.
Be2 Bg6 15. O-O f5 16. b4 Rac8 17. Rac1 f4 18. Bf2 e4 19. fxe4 Ne5 20. Bd3 Qd7 21. Bb1 f3 22. g3 Qh3 23. Bd4 Bg5 24. Qb2 Bxc1 25. Rxc1 f2+ 26. Kh1 f1=Q+ 0-1

[Event "*** SCC Grand Prix: Titled Tuesday Blitz"]
[Site "Chess.com"]
[Date "2020.09.08"]
[Round "3"]
[White "indfraeng"]
[Black "2nd_life"]
[Result "0-1"]
[WhiteElo "2336"]
[BlackElo "2535"]
[TimeControl "180+1"]
[EndTime "10:26:53 PDT"]
[Termination "2nd_life won by resignation"]

1. d4 Nf6 2. c4 e6 3. g3 c5 4. d5 exd5 5. cxd5 d6 6. Nc3 g6 7.
Bg2 Bg7 8. Nf3 O-O 9. O-O Re8 10. Nd2 a6 11. a4 Nbd7 12. h3 Rb8 13. Nc4 Ne5 14. Na3 Nh5 15. e4 Bd7 16. a5 Qxa5 17.
Bd2 Qd8 18. g4 Nf6 19. Qc2 b5 20. f4 Nexg4 21. hxg4 Nxg4 22. Bc1 Bd4+ 0-1

[Event "*** SCC Grand Prix: Titled Tuesday Blitz"]
[Site "Chess.com"]
[Date "2020.09.08"]
[Round "3"]
[White "Bulldog167"]
[Black "Ginger_GM"]
[Result "0-1"]
[WhiteElo "2838"]
[BlackElo "2606"]
[TimeControl "180+1"]
[EndTime "10:26:54 PDT"]
[Termination "Ginger_GM won by checkmate"]

1. Nf3 f5 2. b3 d6 3. Bb2 e5 4. d3 Nf6 5. g3 Be7 6. Bg2 O-O 7. O-O Qe8 8. c4 Qh5 9. Nc3 f4 10. Nd5 Nxd5 11. cxd5 Nd7 12. Rc1 Bd8 13. Rc2 Nf6 14. Qc1 Bh3 15. Rxc7 Ng4 16. gxf4 Bxc7 17.
Qxc7 Rxf4 18. Rc1 Bxg2 19. Kxg2 Rxf3 20. exf3 Qxh2+ 21. Kf1 Qxf2# 0-1

[Event "*** SCC Grand Prix: Titled Tuesday Blitz"]
[Site "Chess.com"]
[Date "2020.09.08"]
[Round "3"]
[White "denispopov"]
[Black "queen_iryna"]
[Result "0-1"]
[WhiteElo "1933"]
[BlackElo "2290"]
[TimeControl "180+1"]
[EndTime "10:26:54 PDT"]
[Termination "queen_iryna won by resignation"]

1. Nf3 d5 2. d4 Nf6 3. e3 c5 4.
Be2 Nc6 5. O-O Bf5 6. Na3 e6 7. c4 cxd4 8. exd4 Bxa3 9. bxa3 O-O 10. Be3 Rc8 11. c5 Ne4 12. Qb3 Qc7 13. Rab1 b6 14.
cxb6 axb6 15. Qxb6 Nc3 16. Qxc7 Nxe2+ 17. Kh1 Rxc7 18. Rb3 Na5 0-1

[Event "*** SCC Grand Prix: Titled Tuesday Blitz"]
[Site "Chess.com"]
[Date "2020.09.08"]
[Round "3"]
[White "BurningggIce"]
[Black "teacher4chess"]
[Result "0-1"]
[WhiteElo "2321"]
[BlackElo "2092"]
[TimeControl "180+1"]
[EndTime "10:26:56 PDT"]
[Termination "teacher4chess won by resignation"]

1. d4 d5 2. c4 c6 3. Nc3 Nf6 4. e3 Ne4 5. f3 Nxc3 6. bxc3 g6 7.
Bd3 Bg7 8. Ne2 O-O 9. O-O e5 10.
Rb1 dxc4 11. Bxc4 b5 12. Bb3 a5 13. a4 Nd7 14. Ba3 Re8 15. e4 exd4 16. cxd4 b4 17. Bb2 Ba6 18. Re1 Qb6 19. Kh1 Rad8 20. Rc1 Ne5 21. Nf4 Bh6 22. g3 Bxf4 23. gxf4 Nd3 24. Rc2 Nxb2 25. Rxb2 Qxd4 26. Rd2 Qxd2 0-1

[Event "*** SCC Grand Prix: Titled Tuesday Blitz"]
[Site "Chess.com"]
[Date "2020.09.08"]
[Round "3"]
[White "davigator"]
[Black "DanielDardha2005"]
[Result "0-1"]
[WhiteElo "2341"]
[BlackElo "2667"]
[TimeControl "180+1"]
[EndTime "10:27:04 PDT"]
[Termination "DanielDardha2005 won by checkmate"]

1. e4 g6 2. d4 Nf6 3. Nc3 d6 4. Bg5 Bg7 5. f3 c6 6. Qd2 Qa5 7. O-O-O b5 8. Kb1 b4 9. Nce2 Be6 10. Nc1 Nbd7 11. Nb3 Qb6 12. Be3 Qb8 13. Ba6 O-O 14. Ne2 Qb6 15. Bd3 Qb7 16. Na5 Qc7 17. Qxb4 c5 18.
dxc5 dxc5 19. Qa4 Nb6 20. Qc6 Qxc6 21. Nxc6 c4 22. Nxe7+ Kh8 23. e5 cxd3 24. Nc3 dxc2+ 25. Kxc2 Ng8 26. Nxg8 Kxg8 27. f4 Rfc8 28. Kb1 Bf8 29. Ka1 Nc4 30. Bc1 Rab8 31. Rhe1 Bb4 32. Rf1 Nxb2 33. Bxb2 Bxc3 34. Bxc3 Rxc3 35. h3 Rc2 36. Rc1 Rxa2# 0-1

[Event "*** SCC Grand Prix: Titled Tuesday Blitz"]
[Site "Chess.com"]
[Date "2020.09.08"]
[Round "3"]
[White "Ariadna_Atreides"]
[Black "talyamania"]
[Result "1-0"]
[WhiteElo "2044"]
[BlackElo "2335"]
[TimeControl "180+1"]
[EndTime "10:27:04 PDT"]
[Termination "Ariadna_Atreides won by resignation"]

1. d4 Nf6 2. Nf3 c5 3. e3 g6 4. Be2 Bg7 5. O-O O-O 6. b3 cxd4 7. exd4 d5 8. Bb2 Nc6 9. Ne5 Bf5 10. Nxc6 bxc6 11.
Nd2 Ne4 12. Nxe4 Bxe4 13. Bd3 Bxd3 14. Qxd3 c5 15. Rad1 Rc8 16. Ba1 c4 17. Qf3 e6 18.
Bb2 Qa5 19. a4 cxb3 20. cxb3 Rc2 21. Ba3 Rfc8 22. Bc5 Rc3 23. b4 Rxf3 24. bxa5 Ra3 25. Bxa3 1-0

[Event "*** SCC Grand Prix: Titled Tuesday Blitz"]
[Site "Chess.com"]
[Date "2020.09.08"]
[Round "3"]
[White "earling8018"]
[Black "ARMQUEEN"]
[Result "1-0"]
[WhiteElo "2049"]
[BlackElo "2453"]
[TimeControl "180+1"]
[EndTime "10:27:09 PDT"]
[Termination "earling8018 won by resignation"]

1. d4 d5 2. c4 dxc4 3. e4 e5 4.
dxe5 Qxd1+ 5. Kxd1 Bc5 6. Bxc4 Bxf2 7. Nc3 Nc6 8. Nd5 Bg4+ 9. Nf3 O-O-O 10. Bf4 Na5 11.
Be2 c6 12. b4 cxd5 13. bxa5 dxe4+ 14. Nd2 Bd7 15. Rc1+ Bc6 16. e6 e3 17. Rxc6+ 1-0

[Event "*** SCC Grand Prix: Titled Tuesday Blitz"]
[Site "Chess.com"]
[Date "2020.09.08"]
[Round "3"]
[White "MathiasWomacka"]
[Black "chesslh19"]
[Result "1/2-1/2"]
[WhiteElo "2413"]
[BlackElo "2209"]
[TimeControl "180+1"]
[EndTime "10:27:11 PDT"]
[Termination "Game drawn by agreement"]

1. e4 e5 2. Nf3 Nf6 3. Nxe5 d6 4.
Nf3 Nxe4 5. d4 d5 6. Bd3 Be7 7. O-O Nc6 8. c4 Nb4 9. Be2 O-O 10. Nc3 Bf5 11. a3 Nxc3 12. bxc3 Nc6 13. cxd5 Qxd5 14.
Bf4 Rac8 15. Re1 Bf6 16. Nd2 Rfe8 17. Bf3 Rxe1+ 18. Qxe1 Qd7 19. Ne4 Bxe4 20. Qxe4 Re8 21. Qb1 Nxd4 22. Qxb7 Nxf3+ 23. Qxf3 Qf5 24. Bxc7 Qxf3 25.
gxf3 Bxc3 26. Rd1 Re1+ 27. Rxe1 Bxe1 1/2-1/2

[Event "*** SCC Grand Prix: Titled Tuesday Blitz"]
[Site "Chess.com"]
[Date "2020.09.08"]
[Round "3"]
[White "anon569"]
[Black "IroniaSudby"]
[Result "0-1"]
[WhiteElo "2247"]
[BlackElo "2497"]
[TimeControl "180+1"]
[EndTime "10:27:12 PDT"]
[Termination "IroniaSudby won on time"]

1. e4 e5 2. Nf3 Nf6 3. Nxe5 d6 4. Nf3 Nxe4 5. Nc3 Nxc3 6. dxc3 Be7 7. Be3 O-O 8. Qd2 Nd7 9. O-O-O Nc5 10. Nd4 Rb8 11.
f3 Bd7 12. g4 b5 13. Nf5 Bxf5 14. gxf5 a5 15. Rg1 Kh8 16. Bd4 Bf6 17. Qg2 h6 18. Qg4 Nd7 19. Bd3 Ne5 20. Bxe5 Bxe5 21.
Kb1 b4 22. c4 Qf6 23. f4 Bxb2 24. Be4 Ba3 0-1

[Event "*** SCC Grand Prix: Titled Tuesday Blitz"]
[Site "Chess.com"]
[Date "2020.09.08"]
[Round "3"]
[White "PSvidler"]
[Black "Yashasd1995"]
[Result "1-0"]
[WhiteElo "2926"]
[BlackElo "2672"]
[TimeControl "180+1"]
[EndTime "10:27:15 PDT"]
[Termination "PSvidler won by resignation"]

1. e4 d5 2. exd5 Nf6 3. Nf3 Nxd5 4. d4 g6 5. c4 Nb6 6. Nc3 Bg7 7. c5 N6d7 8. Bc4 O-O 9. O-O b6 10. Re1 c6 11. Bg5 Nf6 12. Qe2 Bg4 13. Rad1 e6 14. h3 Bxf3 15. Qxf3 h6 16. Bh4 g5 17. Bg3 Nd5 18. Bd6 Re8 19. Ne4 Nd7 20. Bh2 bxc5 21. dxc5 Qa5 22. a3 Bxb2 23. h4 f5 24. Nd6 Qxc5 25. Bxd5 cxd5 26. Nxe8 Rxe8 27. Qh5 Nf6 28.
Qg6+ Kf8 29. Qxh6+ Kf7 30. hxg5 Ng4 31. Qh5+ Ke7 32.
Rxe6+ 1-0

[Event "*** SCC Grand Prix: Titled Tuesday Blitz"]
[Site "Chess.com"]
[Date "2020.09.08"]
[Round "3"]
[White "amatatanav"]
[Black "vinniethepooh"]
[Result "0-1"]
[WhiteElo "2405"]
[BlackElo "2651"]
[TimeControl "180+1"]
[EndTime "10:27:16 PDT"]
[Termination "vinniethepooh won on time"]

1. e4 c5 2. Ne2 Nc6 3. Nbc3 Nf6 4. d4 cxd4 5. Nxd4 e5 6. Ndb5 d6 7. Nd5 Nxd5 8. exd5 Nb8 9. c4 Be7 10. c5 O-O 11.
Bd3 f5 12. O-O Na6 13. cxd6 Bxd6 14. Nxd6 Qxd6 15. b3 Bd7 16. a4 Nb4 17. Ba3 a5 18.
Qd2 e4 19. Bc4 f4 20. Rfe1 f3 21. Rxe4 Qg6 22. d6+ Kh8 23. g3 Qxe4 24. Bxb4 axb4 25. Re1 Qf5 0-1

[Event "*** SCC Grand Prix: Titled Tuesday Blitz"]
[Site "Chess.com"]
[Date "2020.09.08"]
[Round "3"]
[White "WPWPWP-2015"]
[Black "KiranManisha"]
[Result "0-1"]
[WhiteElo "2439"]
[BlackElo "2260"]
[TimeControl "180+1"]
[EndTime "10:27:28 PDT"]
[Termination "KiranManisha won by checkmate"]

1. e4 c5 2. Nc3 d6 3. d4 cxd4 4. Qxd4 a6 5. f4 Nc6 6. Qe3 g6 7. Nf3 Bg7 8. b3 Nf6 9. Bb2 O-O 10. O-O-O Qa5 11. Kb1 b5 12. h3 Bb7 13. g4 Rfc8 14.
g5 Nh5 15. f5 Nb4 16. a3 Rxc3 17. Qf2 Nc6 18. f6 exf6 19. b4 Nxb4 20. Bxc3 Qxa3 21. gxf6 Qa2+ 22. Kc1 Bh6+ 23. Ng5 Bxg5+ 24. Qf4 Bxf4+ 25. Bd2 Qxc2# 0-1

[Event "*** SCC Grand Prix: Titled Tuesday Blitz"]
[Site "Chess.com"]
[Date "2020.09.08"]
[Round "3"]
[White "CzechmVIII"]
[Black "aa175"]
[Result "0-1"]
[WhiteElo "2164"]
[BlackElo "2388"]
[TimeControl "180+1"]
[EndTime "10:27:28 PDT"]
[Termination "aa175 won by checkmate"]

1. e4 c5 2. Nf3 d6 3. d4 cxd4 4. Nxd4 Nf6 5. Nc3 a6 6. Bg5 Nbd7 7. Bc4 e6 8. Qe2 h6 9. Bh4 b5 10. Bd5 exd5 11. Nc6 Qc7 12. exd5+ Ne5 13. f4 Bg4 14. Qe3 Nxd5 15. Nxd5 Qxc6 16. fxe5 Qxd5 17. exd6+ Kd7 18.
O-O g5 19. Bg3 f5 20. h3 f4 21. Bxf4 gxf4 22. Qxf4 Be6 23. Rad1 Qc5+ 24. Kh1 Bxd6 25.
Qh4 Raf8 26. Rfe1 Rhg8 27. c3 Rxg2 28. Qxh6 Rh2# 0-1

[Event "*** SCC Grand Prix: Titled Tuesday Blitz"]
[Site "Chess.com"]
[Date "2020.09.08"]
[Round "3"]
[White "renehp"]
[Black "ARTHURMOTIVATOR"]
[Result "1-0"]
[WhiteElo "2539"]
[BlackElo "2340"]
[TimeControl "180+1"]
[EndTime "10:27:32 PDT"]
[Termination "renehp won by resignation"]

1. e4 c6 2. d4 d5 3. Nc3 dxe4 4.
Nxe4 Nf6 5. Nxf6+ gxf6 6. c3 h5 7. Ne2 h4 8. Nf4 Bf5 9. Bd3 Bxd3 10. Qxd3 e6 11. O-O Bd6 12. Re1 Qc7 13. Nxe6 fxe6 14.
Rxe6+ Kf7 15. Qf5 Nd7 16. Bg5 Be7 17. Bf4 Qb6 18. Rae1 Rae8 19. Bd6 Bxd6 20. Rxe8 Rxe8 21. Qh7+ Kf8 22. Qh8+ Kf7 23. Qxe8+ 1-0

[Event "*** SCC Grand Prix: Titled Tuesday Blitz"]
[Site "Chess.com"]
[Date "2020.09.08"]
[Round "3"]
[White "RaunakSadhwani2005"]
[Black "r31415"]
[Result "1-0"]
[WhiteElo "2860"]
[BlackElo "2455"]
[TimeControl "180+1"]
[EndTime "10:27:40 PDT"]
[Termination "RaunakSadhwani2005 won by resignation"]

1. e4 e5 2. Nf3 Nc6 3. g3 Nf6 4. d3 g6 5. Bg2 Bg7 6. O-O O-O 7. Re1 d6 8. c3 Ne8 9. d4 Qe7 10. Na3 Bg4 11. Nc2 Rd8 12. h3 Bc8 13. Bg5 f6 14. Be3 Qf7 15. Qe2 h6 16. b4 f5 17.
exf5 gxf5 18. b5 Ne7 19. dxe5 dxe5 20. Bc5 e4 21. Nfd4 b6 22. Bxe7 Qxe7 23. Nc6 Qf6 24. Nxd8 Qxd8 25. Rad1 Qe7 26. Nd4 Nd6 27. Nc6 Qf6 28.
Nxa7 Be6 29. Nc6 Bc4 30. Rxd6 Qxc3 31. Qd2 cxd6 32. Qxc3 Bxc3 33. Rc1 Bxb5 34. Rxc3 Kg7 35. Nd4 Bd3 1-0

[Event "*** SCC Grand Prix: Titled Tuesday Blitz"]
[Site "Chess.com"]
[Date "2020.09.08"]
[Round "3"]
[White "ChessLover0108"]
[Black "Yaacovn"]
[Result "0-1"]
[WhiteElo "2655"]
[BlackElo "2915"]
[TimeControl "180+1"]
[EndTime "10:27:41 PDT"]
[Termination "Yaacovn won by resignation"]

1. d4 Nf6 2. c4 e5 3. dxe5 Ne4 4. Nf3 Nc6 5. e3 d6 6. Qc2 Nc5 7. Nc3 Nb4 8. Qd1 Bf5 9. Nd4 Bg6 10. exd6 Bxd6 11. Be2 Nbd3+ 12. Kf1 Qh4 13. g3 Qf6 14. Bf3 O-O-O 15. Kg2 c6 16. Qe2 Ne5 17. Rd1 h5 18. h4 Bd3 19. Rxd3 Ncxd3 20. Bxh5 Rxh5 0-1

[Event "*** SCC Grand Prix: Titled Tuesday Blitz"]
[Site "Chess.com"]
[Date "2020.09.08"]
[Round "3"]
[White "ErikRonka"]
[Black "louis198"]
[Result "0-1"]
[WhiteElo "2252"]
[BlackElo "2505"]
[TimeControl "180+1"]
[EndTime "10:27:42 PDT"]
[Termination "louis198 won by resignation"]

1. e4 e6 2. d4 d5 3. Nc3 dxe4 4.
Nxe4 Bd7 5. Nf3 Bc6 6. Bd3 Nd7 7. Bf4 Ngf6 8. Nxf6+ Nxf6 9. c3 Bd6 10. Bg3 Be4 11. Bxe4 Nxe4 12. Qe2 Nxg3 13. hxg3 c6 14. Qe4 h6 15. g4 Be7 16. Ne5 Bf6 17. Nf3 Qd5 18. Nd2 O-O-O 19. f4 c5 20. Qxd5 exd5 21. dxc5 Rhe8+ 22. Kf2 d4 23. Nf3 dxc3 24. bxc3 Bxc3 25. Rac1 Bd4+ 26.
Kg3 Re2 27. Rhd1 Bf2+ 28. Kh3 Rxd1 29. Rxd1 Bxc5 30. Ne5 f6 31. Rc1 b6 32. Nd3 Re3+ 0-1

[Event "*** SCC Grand Prix: Titled Tuesday Blitz"]
[Site "Chess.com"]
[Date "2020.09.08"]
[Round "3"]
[White "TrickyFortem"]
[Black "Jenia84"]
[Result "1-0"]
[WhiteElo "2458"]
[BlackElo "2303"]
[TimeControl "180+1"]
[EndTime "10:27:45 PDT"]
[Termination "TrickyFortem won by resignation"]

1. d4 Nf6 2. c4 e6 3. Nf3 b6 4. g3 Bb7 5. Bg2 Be7 6. O-O O-O 7. Nc3 Ne4 8. Qd3 Nxc3 9. Qxc3 Be4 10. Bh3 Bf6 11. Nd2 Bg6 12. e4 d6 13. e5 Be7 14.
Bg2 c6 15. Ne4 d5 16. Nd2 Nd7 17. b3 Rc8 18. Bb2 a5 19. Rac1 Bb4 20. Qe3 dxc4 21. Nxc4 b5 22. Nd2 c5 23. Nf3 cxd4 24. Nxd4 Bc5 25.
Qf4 Bxd4 26. Qxd4 Rxc1 27. Rxc1 Nb8 28. h4 Qxd4 29. Bxd4 h6 30. a4 bxa4 31. bxa4 Rd8 32. Bb6 Rd3 33. Rc8+ 1-0

[Event "*** SCC Grand Prix: Titled Tuesday Blitz"]
[Site "Chess.com"]
[Date "2020.09.08"]
[Round "3"]
[White "Yoshikrov"]
[Black "MNyuyu"]
[Result "1-0"]
[WhiteElo "2101"]
[BlackElo "2326"]
[TimeControl "180+1"]
[EndTime "10:27:45 PDT"]
[Termination "Yoshikrov won by resignation"]

1. e4 d5 2. exd5 Qxd5 3. Nc3 Qd8 4. Bc4 c6 5. Nf3 Bf5 6. O-O e6 7. d4 Nf6 8. Re1 Be7 9. Bf4 O-O 10. Qe2 h6 11. Rad1 Nbd7 12. Ne5 Nd5 13. Nxd5 cxd5 14. Bd3 Bxd3 15. Rxd3 Nxe5 16. Bxe5 Bf6 17. Rg3 Kh8 18. c3 Bxe5 19. Qxe5 Qf6 20. Qxf6 gxf6 21. f4 f5 22. Kf2 b5 23. a3 a5 24. Rge3 Rfb8 25. Rc1 b4 26.
cxb4 axb4 27. Rc7 Kg7 28. Rg3+ Kf6 29. Rh3 Rh8 30. axb4 Rab8 31. Rb3 Rb5 32. Rc5 Rb7 33. b5 Rhb8 34. Ke3 Rb6 35. Kd3 Ke7 36. Kc3 Kd6 37.
Kb4 f6 38. Rbc3 Ke7 39. Rc7+ Kf8 40. Rc8+ Kg7 41. Rxb8 Rxb8 42. Rc6 Kf7 43. Kc5 Rd8 44. b6 e5 45. b7 Rb8 46. Kb6 e4 47. Rc8 Rxb7+ 48.
Kxb7 e3 49. Rc3 1-0